AoeStats
← Rapis94

Arabia

508224846Analyzed
1v1 RM · 11d ago on Sep 21, 2026· 46m 31s· 2 players
Game mode
Random Map
Map size
Tiny (2 player)
Population
200
Speed
Normal
Resources
Standard
Victory
Conquest
Starting age
Dark Age
Ending age
Imperial Age
RankedLock teamsTeams togetherTeam positionsShared explorationLock speedFull tech treeHidden civsTurbo modeCheats
Victory
Defeat
🇫🇷 Magyars · France
932
+15
🇺🇾 Poles · Uruguay
903
-15
Rapis94
7:09 Loom
9:37 Feudal Age
13:08 Bloodlines
21:52 Castle Age
23:40 Husbandry
24:27 Forging
25:59 Scale Barding Armor
29:38 Double-Bit Axe
33:46 Chain Barding Armor
37:57 Pikeman
Optimal
7:24 Loom
10:25 Feudal Age
12:45 Double-Bit Axe
17:49 Gold Mining
20:00 Castle Age
18:47 Fletching
19:31 Bloodlines
20:31 Padded Archer Armor
22:11 Bow Saw
26:27 Horse Collar
28:55 Wheelbarrow
28:07 Town Watch
28:39 Bodkin Arrow
31:21 Thumb Ring
32:27 Scale Barding Armor
34:31 Ballistics
34:41 Husbandry
37:14 Chain Barding Armor
37:11 Leather Archer Armor
40:51 Imperial Age
42:06 Parthian Tactics
41:44 Bracer
42:52 Chemistry
Connection lost

Rejoining the realm…

Still unreachable

The connection could not be restored.

Session expired

The server has moved on; the page needs a fresh start.